[Event "*** Titled Tuesday Blitz"]
[Site "Chess.com"]
[Date "2020.02.04"]
[Round "5"]
[White "GadimbayliA"]
[Black "Kimster98"]
[Result "1/2-1/2"]
[WhiteElo "2897"]
[BlackElo "2701"]
[TimeControl "180+2"]
[EndTime "14:08:13 PST"]
[Termination "Game drawn - insufficient material"]

1. e4 e5 2. Nf3 Nf6 3. Nc3 Nc6 4. d4 exd4 5. Nxd4 Bb4 6. Nxc6 bxc6 7. Bd3 O-O 8. O-O d5 9. exd5 cxd5 10. Bg5 c6 11.
Qf3 h6 12. Bxf6 Qxf6 13. Qxf6 gxf6 14. Ne2 Bd6 15. Nd4 c5 16. Nf5 Bxf5 17. Bxf5 Be5 18. Rab1 Rab8 19. b3 Rfd8 20. Rbd1 a5 21. Rd3 c4 22. Rh3 Kg7 23. f4 Bd4+ 24. Kh1 a4 25. Rg3+ Kf8 26. Bh7 Ke7 27. Rd1 Bc5 28. h3 axb3 29.
axb3 cxb3 30. cxb3 Rb4 31. Rf3 Kd6 32. Rfd3 d4 33.
Rg3 Re8 34. Rg7 Rb7 35. Bd3 Re3 36. Bc4 Re4 37. Rf1 Rbe7 38. g3 Re1 39. Kg2 Rxf1 40. Kxf1 Bb4 41. Rh7 Re3 42. Rxh6 Rxg3 43. Rxf6+ Kc5 44.
Rf5+ Kc6 45. h4 d3 46. Rf6+ Kc5 47. Rf5+ Kd4 48. Kf2 Rh3 49. Rd5+ Kc3 50. Kg2 Re3 51. Kf2 Rh3 52. Kg2 Re3 53. Rxd3+ Rxd3 54. Bxd3 Kxd3 55. Kf3 Kc2 56. Ke4 Kxb3 57. Kf5 Bc3 58. h5 Kc4 59.
Kg5 Kd5 60. f5 Bh8 61. Kh6 Ke5 62. Kh7 Bf6 63. Kg8 Kxf5 64. Kxf7 Bd4 65. h6 Kg5 66. h7 Kh6 67. Kg8 Kg6 68. h8=Q Bxh8 1/2-1/2

[Event "*** Titled Tuesday Blitz"]
[Site "Chess.com"]
[Date "2020.02.04"]
[Round "5"]
[White "Rud_Makarian"]
[Black "Gahan-MG"]
[Result "0-1"]
[WhiteElo "2608"]
[BlackElo "2454"]
[TimeControl "180+2"]
[EndTime "14:08:41 PST"]
[Termination "Gahan-MG won by resignation"]

1. a3 e5 2. b3 Nf6 3. c3 d5 4. d3 Nc6 5. e3 Bd6 6. f3 O-O 7. Ra2 Re8 8. g4 e4 9. dxe4 dxe4 10. g5 Nd5 11. f4 Bc5 12. Rd2 Nce7 13. c4 Bxe3 14.
cxd5 Bxd2+ 15. Bxd2 Nxd5 16. Bc4 Be6 17. Bxd5 Qxd5 18. Be3 Qxb3 19. Qxb3 Bxb3 20. Nd2 Bd5 21. Ne2 b6 22. Nc3 Bb7 23. Ke2 c5 24. a4 Rad8 25.
Rc1 Rd3 26. Nc4 Ba6 27. Nb5 Rb3 28. Nc7 Bxc4+ 29. Rxc4 Re7 30. Nd5 Re8 31. Nc7 Re7 32. Nd5 Re8 33. f5 Rb2+ 34. Bd2 Re5 35. Ne3 g6 36.
Kd1 Ra2 37. Bc3 Re7 38. Kc1 Rxh2 39. Nd5 Kf8 40. Bg7+ Ke8 41. Bf6 Rd7 42. Rxe4+ Kf8 43. Be7+ Rxe7 44. Rxe7 gxf5 45. Rxa7 Rg2 46. Nxb6 f4 47.
Kd1 f3 48. Ke1 Rxg5 49. a5 h5 50. a6 h4 51. Ra8+ Kg7 52. a7 h3 53. Rg8+ Kxg8 54. a8=Q+ Kg7 55. Qxf3 h2 56. Kf2 Rg1 57. Qc3+ f6 58.
Nd7 h1=Q 59. Qxf6+ Kh7 60. Qf7+ Kh8 61. Qf8+ Kh7 62. Qf7+ Kh6 63. Qf6+ Kh7 64. Qf5+ Kg7 65. Qe5+ Kf7 66. Qf6+ Ke8 67. Qe6+ Kd8 68. Ne5 Qh2+ 69.
Ke3 Re1+ 70. Kd3 Qxe5 0-1

[Event "*** Titled Tuesday Blitz"]
[Site "Chess.com"]
[Date "2020.02.04"]
[Round "5"]
[White "ElHelvetico"]
[Black "cukus"]
[Result "1-0"]
[WhiteElo "2692"]
[BlackElo "2474"]
[TimeControl "180+2"]
[EndTime "14:08:49 PST"]
[Termination "ElHelvetico won by resignation"]

1. e4 e5 2. f4 exf4 3. Bc4 Ne7 4. Nc3 c6 5. d4 d5 6. exd5 Nxd5 7. Nf3 Be7 8. O-O O-O 9. Nxd5 cxd5 10. Bd3 Nc6 11. Bxf4 Bg4 12. c3 h6 13. Bc2 Bh5 14. Qd2 Bg6 15.
Bxg6 fxg6 16. Rae1 Bd6 17. Bxh6 gxh6 18. Qxh6 Qf6 19.
Ng5 Qg7 20. Qxg7+ Kxg7 21. Ne6+ Kh6 22. Nxf8 Rxf8 23. Rxf8 Bxf8 24. Re8 Bd6 25. g3 Kg5 26. Kg2 Kf5 27. Kf3 g5 28. h4 g4+ 29. Kf2 Ne7 30. a4 Kf6 31. a5 a6 32. Rd8 Ke6 33. Kg2 Nf5 34. Rg8 Kf7 35. Rg5 Kf6 36. b4 Ne3+ 37. Kf2 Nd1+ 38. Ke1 Nxc3 39. Rxg4 Bxb4 40. h5 Kf5 41. h6 Ne4+ 42. Ke2 Nf6 43. Rg7 Bf8 44.
Rxb7 Bxh6 45. Rb6 Bg7 46. Rxa6 Ne4 47. Kd3 Nf2+ 48. Kc3 Ne4+ 49. Kd3 Nf2+ 50. Ke3 Ng4+ 51. Kd2 Bxd4 52. Rd6 Ke4 53. a6 Ne5 54. Re6 Kf5 55. Re7 Nc4+ 56. Kd3 Bb6 57. Rb7 Bg1 58. a7 Bxa7 59.
Rxa7 Kg4 60. Rg7+ Kf3 61. Kd4 Nd6 62. Ke5 Ne4 63. g4 Ng3 64. g5 Kg4 65. g6 Kg5 66. Rg8 d4 67. Ke6 d3 68. Kf7 Nf5 69. Rd8 Nh6+ 70.
Kg7 Nf5+ 71. Kh7 Ne7 72. g7 Kf4 73. Rxd3 Ke4 74. Rd8 Kf5 75. g8=Q Nxg8 76. Kxg8 1-0

[Event "*** Titled Tuesday Blitz"]
[Site "Chess.com"]
[Date "2020.02.04"]
[Round "5"]
[White "ehrenfeld"]
[Black "Kosche007"]
[Result "1/2-1/2"]
[WhiteElo "2488"]
[BlackElo "2314"]
[TimeControl "180+2"]
[EndTime "14:08:56 PST"]
[Termination "Game drawn by repetition"]

1. e4 c6 2. d4 d5 3. e5 Bf5 4. h4 h5 5. Bd3 Bxd3 6. Qxd3 Qa5+ 7. Nc3 Qa6 8. e6 Qxd3 9. exf7+ Kxf7 10. cxd3 Nd7 11.
Nf3 e6 12. Bf4 Bb4 13. O-O Re8 14. Rfe1 Nh6 15. Re2 Nf5 16. Rae1 Be7 17. g3 Bf6 18. Ne5+ Bxe5 19. Bxe5 Nxe5 20. Rxe5 Nxd4 21. Kg2 a6 22. b4 g6 23. f4 Ra8 24. Ne2 Nxe2 25. R1xe2 Rhe8 26. Rb2 Re7 27. Kf3 a5 28. b5 c5 29. g4 hxg4+ 30. Kxg4 b6 31. Rh2 Rh8 32. a4 Kf6 33. Rh1 Reh7 34. Rh2 Rh5 35. Re1 Re8 36. Rhe2 e5 37. fxe5+ Rhxe5 38. Rf2+ Kg7 39. Ref1 R8e7 40. Rf6 R5e6 41. R6f4 Re1 42. R1f3 R1e3 43. Rf7+ Rxf7 44. Rxe3 Rc7 45. Kg5 c4 46. Re6 c3 47. Rxg6+ Kf8 48.
Rf6+ Kg7 49. Rf1 d4 50. Rc1 Rc5+ 51. Kf4 Rh5 52. Ke4 Rxh4+ 53. Kd5 Kf6 54. Kc4 Ke5 55.
Re1+ Kd6 56. Re2 Rg4 57. Rf2 Ke5 58. Re2+ Kf4 59. Re6 c2 60. Re1 Kf3 61. Rc1 Ke3 62. Rxc2 Rg5 63. Rh2 Rc5+ 64. Kb3 Kxd3 65. Rh6 Ke2 66.
Rxb6 d3 67. Rd6 d2 68. b6 d1=Q+ 69. Rxd1 Kxd1 70. b7 Rc1 71. Kb2 Rc2+ 72. Kb3 Rc1 73. Ka2 Rc2+ 74. Ka3 Rc3+ 75. Kb2 Rc2+ 76. Kb1 Rc1+ 77.
Kb2 Rc2+ 1/2-1/2

[Event "*** Titled Tuesday Blitz"]
[Site "Chess.com"]
[Date "2020.02.04"]
[Round "5"]
[White "novocane"]
[Black "goldenspine"]
[Result "0-1"]
[WhiteElo "2140"]
[BlackElo "2330"]
[TimeControl "180+2"]
[EndTime "14:09:10 PST"]
[Termination "goldenspine won by resignation"]

1. d4 Nf6 2. c4 g6 3. Nc3 d5 4. cxd5 Nxd5 5. e4 Nxc3 6. bxc3 Bg7 7. Qa4+ Nd7 8. Nf3 O-O 9. Ba3 c5 10. Rd1 Qc7 11. Qb3 cxd4 12. cxd4 Nf6 13. Bd3 Bg4 14. O-O Nh5 15. Be2 Nf4 16. Qe3 Bh6 17. Kh1 Kg7 18.
Bb2 Qc2 19. Rd2 Qa4 20. d5+ f6 21. Qd4 Qxd4 22. Bxd4 Nxg2 23. Rb2 Nf4 24. Bc4 b6 25. Nd2 Rac8 26. f3 Bh3 27. Rfb1 Rfd8 28. Ba6 Rc7 29. Be3 e5 30. Bxf4 Bxf4 31. Nc4 Bc8 32.
Bxc8 Rdxc8 33. Nd6 Rd8 34. Nb5 Rcd7 35. Kg2 f5 36. Nc3 Rc8 37. Rb3 Rdc7 38. Ne2 Rc2 39.
R3b2 Be3 40. Kf1 R8c4 41. exf5 gxf5 42. Ng3 Kf6 43. Rxc2 Rxc2 44. Rd1 Rf2+ 45. Ke1 Rxf3 46. Ke2 e4 47. d6 Bg5 48. d7 Re3+ 49. Kf2 Ke5 50.
d8=Q Bxd8 51. Rxd8 Ra3 52. Re8+ Kf4 53. Rf8 Rxa2+ 54. Kf1 Rxh2 55. Nxf5 Ke5 56. Ng3 Kd4 57. Rf4 Rh3 58. Rxe4+ Kd3 59. Rg4 h5 60. Rg5 h4 61.
Nf5 Rf3+ 62. Ke1 h3 63. Rh5 b5 64. Nd6 b4 65. Rd5+ Kc3 66. Ne4+ Kc4 67. Re5 Kd4 68.
Nd2 Kxe5 69. Nxf3+ Ke4 70. Ng5+ Kd3 71. Nxh3 Kc2 72.
Nf4 b3 73. Ne2 b2 74. Nd4+ Kc1 75.
Ne2+ Kc2 76. Nd4+ Kd3 0-1

[Event "*** Titled Tuesday Blitz"]
[Site "Chess.com"]
[Date "2020.02.04"]
[Round "5"]
[White "Shant_Sargsyan"]
[Black "CaptainCasanova"]
[Result "1-0"]
[WhiteElo "2992"]
[BlackElo "2712"]
[TimeControl "180+2"]
[EndTime "14:09:25 PST"]
[Termination "Shant_Sargsyan won by checkmate"]

1. d4 Nf6 2. c4 g6 3. Nc3 Bg7 4.
e4 d6 5. h3 O-O 6. Be3 c5 7. Nf3 Qa5 8. Qd2 Nc6 9. d5 Nd4 10.
Bd3 Nxf3+ 11. gxf3 e6 12. Nb5 Qd8 13. Bf4 exd5 14.
cxd5 Ne8 15. a4 a6 16. Na3 f5 17. Nc4 fxe4 18. fxe4 Qf6 19. Bg3 Rb8 20. a5 Bd7 21. f4 Bb5 22. e5 Qe7 23. O-O-O Bxc4 24. Bxc4 b5 25. axb6 Rxb6 26. Rhe1 Rb4 27. b3 a5 28.
Qc2 Kh8 29. exd6 Qxd6 30. Re6 Qd7 31. d6 a4 32. Re7 axb3 33. Bxb3 Qb5 34. d7 c4 35.
dxe8=Q Rxe8 36. Rd5 Qc6 37. Rd6 Qh1+ 38. Rd1 Qc6 39.
Rxe8+ Qxe8 40. Re1 Qc8 41. Ba4 Bb2+ 42. Qxb2+ Rxb2 43. Kxb2 Qxh3 44. Re8+ Kg7 45. Re3 Qg2+ 46. Kc3 Qa2 47.
Bc2 Qa3+ 48. Kd2 Qd6+ 49. Ke2 h5 50. Be1 Qxf4 51. Bc3+ Kh6 52. Rf3 Qh2+ 53. Rf2 Qd6 54. Rf6 Qh2+ 55. Rf2 Qg3 56. Bd2+ Kg7 57. Be3 h4 58.
Be4 h3 59. Bf4 Qg4+ 60. Ke3 Qg1 61. Be5+ Kh6 62. Bh2 Qc1+ 63. Kf3 Qh1+ 64. Kf4 g5+ 65. Ke5 Qa1+ 66. Ke6 Qa6+ 67. Bd6 c3 68. Rf7 Qc4+ 69. Bd5 Qe2+ 70. Be5 Qa6+ 71. Bd6 Qe2+ 72. Be5 Qa6+ 73.
Bd6 c2 74. Rc7 Qe2+ 75. Be5 Qd2 76. Rc8 c1=Q 77. Rh8+ Kg6 78. Be4# 1-0

[Event "*** Titled Tuesday Blitz"]
[Site "Chess.com"]
[Date "2020.02.04"]
[Round "5"]
[White "MartinCerveny"]
[Black "MikaelyanArman"]
[Result "0-1"]
[WhiteElo "2597"]
[BlackElo "2752"]
[TimeControl "180+2"]
[EndTime "14:09:31 PST"]
[Termination "MikaelyanArman won by resignation"]

1. d4 Nf6 2. c4 g6 3. Nc3 Bg7 4. e4 O-O 5. f3 c5 6. d5 d6 7.
Bg5 e6 8. Nge2 Qa5 9. Qd2 exd5 10. Bxf6 Bxf6 11. Nxd5 Qxd2+ 12. Kxd2 Bd8 13. g4 Nc6 14. Nec3 Nd4 15. Be2 Be6 16. h4 a6 17. h5 Rb8 18. b3 b5 19. Rab1 b4 20. Nd1 Bg5+ 21.
Kd3 a5 22. N1e3 a4 23. f4 Bd8 24. g5 axb3 25. axb3 Ra8 26. hxg6 fxg6 27. Ra1 Ra3 28. Rxa3 bxa3 29. Ra1 Nxb3 30. Rxa3 Nc1+ 31. Kd2 Nxe2 32.
Kxe2 Re8 33. Kd3 Bh3 34. Ra8 Kf8 35. e5 dxe5 36. fxe5 Bxg5 37. Rxe8+ Kxe8 38. Ke4 Be6 39. Ng2 h5 40. Ngf4 Bf5+ 41. Kf3 Kd7 42. e6+ Bxe6 43. Nxg6 Bg4+ 44. Ke4 Kd6 45. Ne5 Be6 46. Nf3 Bc1 47. Ne5 Bh3 48. Nd3 Bg2+ 49. Kf5 Bxd5 50. cxd5 Be3 51. Ke4 Bd4 52. Nf4 h4 53. Nh3 Bg7 54.
Nf4 Be5 55. Nh3 Bg3 56. Ng5 Be1 57. Nh3 c4 58. Kd4 c3 59. Kd3 Kxd5 60. Nf4+ Kc5 61. Nh3 Kb4 62. Kc2 Kc4 63. Nf4 Bg3 64. Ne2 Be5 65.
Ng1 Bd4 66. Nf3 Bf6 67. Ng1 Kd5 68. Kd3 Bd4 69. Nf3 h3 70. Nh2 Be5 71. Ng4 Bg7 72. Nh2 Kc5 73. Nf3 Kb4 74. Kc2 Kc4 75. Nh2 Be5 76. Ng4 h2 77. Nf2 Bd4 78. Nh1 Bg1 79. Ng3 Bf2 80. Nh1 Bh4 81. Kd1 Kd3 0-1

[Event "*** Titled Tuesday Blitz"]
[Site "Chess.com"]
[Date "2020.02.04"]
[Round "5"]
[White "VALPARAISO37"]
[Black "WPWPWP-2015"]
[Result "0-1"]
[WhiteElo "2261"]
[BlackElo "2524"]
[TimeControl "180+2"]
[EndTime "14:09:36 PST"]
[Termination "WPWPWP-2015 won by checkmate"]

1. d4 Nf6 2. c4 e6 3. Nc3 Bb4 4. a3 Bxc3+ 5. bxc3 O-O 6. e3 c5 7. Bd3 b6 8. Ne2 Nc6 9. f3 Ba6 10. Ng3 Rc8 11. d5 Na5 12. Qe2 Re8 13. O-O exd5 14.
cxd5 c4 15. Be4 Nb3 16. Ra2 Nc5 17. Qc2 d6 18. Rd1 Rc7 19. a4 g6 20. a5 b5 21. Qe2 Ncxe4 22. fxe4 Nxe4 23. Nxe4 Rxe4 24. Rd4 Rce7 25. Qf3 Rxd4 26. cxd4 b4 27. e4 c3 28. Bg5 b3 29. Rf2 b2 30. Qd1 Rb7 31. Bxd8 b1=Q 32. Rf1 Bxf1 33. Qxf1 Qxf1+ 34. Kxf1 c2 35. a6 c1=Q+ 36.
Ke2 Rb2+ 37. Kf3 h5 38. Kg3 Qe3+ 39. Kh4 Kg7 40. Bg5 Qe2 41. h3 Qe1+ 42. g3 Rf2 43. e5 Kf8 44. Bh6+ Ke8 45. Kg5 Kd7 46. Bf8 Qe3+ 47. Kh4 Qxd4+ 48. Kg5 Qxe5+ 49. Kh4 Qxd5 50. Bg7 Ra2 51. Bd4 Rxa6 52. Bxa7 Qf5 53. Be3 Ra1 54. Bf4 f6 55. Bg5 Ke6 56. Bxf6 Rh1 57. Be5 d5 58. Bd4 Kd7 59. Bg1 Kc6 60. Bd4 Kb5 61. Bg1 Ka4 62. Bd4 Kb3 63. Bg1 d4 64. Bxd4 Kc2 65. Bg1 Kd1 66. Bd4 Ke2 67. Bg1 Kf3 68. Bd4 Qb5 69. Bg1 Qd5 70. Bd4 Kg2 71. Bg1 Qe6 72.
Bd4 Rxh3+ 73. Kg5 Qf5+ 74. Kh6 Qg4 75. Be5 Kf3 76. Bf4 Rxg3 77. Bg5 Qf5 78. Bh4 Rg4 79. Be1 Qf7 80. Bc3 Re4 81. Kg5 Qf5+ 82. Kh6 Re7 83. Bd2 Rf7 84. Bc1 Kg4 85. Bd2 Qe6 86. Be3 g5# 0-1

[Event "*** Titled Tuesday Blitz"]
[Site "Chess.com"]
[Date "2020.02.04"]
[Round "5"]
[White "colegiodemadrid"]
[Black "HouseOfDurin"]
[Result "1/2-1/2"]
[WhiteElo "2360"]
[BlackElo "2106"]
[TimeControl "180+2"]
[EndTime "14:09:58 PST"]
[Termination "Game drawn - insufficient material"]

1. e4 c5 2. Nf3 Nc6 3. d4 cxd4 4.
Nxd4 e5 5. Nb5 d6 6. c4 Be6 7.
N1c3 a6 8. Na3 Rc8 9. Nc2 Be7 10.
Bd3 Nf6 11. O-O O-O 12. b3 Na5 13. Bg5 b5 14. Nd5 bxc4 15. Bxf6 Bxf6 16. bxc4 Nxc4 17. Bxc4 Rxc4 18. Qd3 Bxd5 19. exd5 Qc7 20. Ne3 Rc3 21. Qxa6 Qc5 22. Rad1 Ra3 23. Qe2 Rfa8 24. Rc1 Qb4 25.
Rc2 g6 26. g3 Bg5 27. Ng4 h5 28. h4 Qxg4 29. Qxg4 hxg4 30. hxg5 Rxa2 31. Rc6 Rd2 32.
Rxd6 Ra5 33. Rd8+ Kg7 34. d6 Rad5 35. Re8 Re2 36. Rd8 Red2 37. Re1 Rxd6 38. Rxd6 Rxd6 39. Rxe5 Rd4 40. Kf1 Rc4 41. Ke2 Rb4 42. Ke3 Rb3+ 43. Ke2 Rb2+ 44. Kf1 Rb4 45. Rd5 Ra4 46. Ke2 Ra2+ 47.
Ke3 Ra3+ 48. Rd3 Ra5 49. Kf4 Rf5+ 50. Kxg4 Rxf2 51. Rd7 Rb2 52. Rd4 Rb5 53. Rc4 Rd5 54. Kf4 Kf8 55. g4 Ke7 56. Re4+ Kf8 57. Re5 Rd4+ 58. Re4 Rd1 59. Ke5 Ra1 60. Rb4 Ra5+ 61. Kf4 Ke7 62. Rb7+ Ke6 63. Rb6+ Ke7 64. Rb4 Rc5 65.
Re4+ Kd7 66. Re1 Rc4+ 67. Ke5 Rxg4 68. Kf6 Rf4+ 69. Kg7 Rf5 70. Rg1 Ke6 71. Re1+ Kd5 72. Kh6 Kd4 73. Re7 Kd3 74. Re8 Kd4 75. Re1 Kd5 76. Re2 Re5 77. Rf2 Ke6 78. Rf6+ Ke7 79. Rb6 Rd5 80. Ra6 Rd6 81. Ra7+ Ke6 82. Kg7 Kf5 83.
Ra5+ Kg4 84. Kxf7 Rb6 85. Re5 Kh5 86. Rd5 Rb7+ 87. Kf6 Rb6+ 88. Kg7 Rb7+ 89. Kh8 Rf7 90.
Kg8 Rf5 91. Rd1 Kxg5 92. Kg7 Rf4 93. Rg1+ Rg4 94. Rf1 Kh4 95. Kh6 Kg3 96. Rg1+ Kf3 97. Rxg4 Kxg4 98. Kxg6 1/2-1/2

[Event "*** Titled Tuesday Blitz"]
[Site "Chess.com"]
[Date "2020.02.04"]
[Round "5"]
[White "Gabrielian_Artur"]
[Black "jguerramzllo"]
[Result "1/2-1/2"]
[WhiteElo "2763"]
[BlackElo "2514"]
[TimeControl "180+2"]
[EndTime "14:10:17 PST"]
[Termination "Game drawn by stalemate"]

1. e4 e5 2. Nf3 Nc6 3. Bc4 Bc5 4. d3 Nf6 5. Bg5 h6 6. Bh4 Be7 7. Bg3 d6 8. a4 O-O 9. Nc3 Be6 10. Nd5 Bxd5 11.
exd5 Nb4 12. Nh4 Nbxd5 13. Nf5 Nf4 14. Qf3 d5 15. Bb3 Bd6 16. O-O c6 17. Rfe1 Kh7 18. d4 e4 19. Qd1 Bc7 20. c4 g6 21. Ne3 Nd3 22. Re2 Bxg3 23. hxg3 dxc4 24. Bxc4 Qxd4 25.
Qb3 Nc5 26. Qa3 Kg7 27. Rd1 Qe5 28. b4 Ne6 29. Bxe6 Qxe6 30. Red2 Qe7 31. Qc3 Rfe8 32. Rd7 Qe5 33. Qxe5 Rxe5 34. Rxb7 a5 35. Nc4 Re6 36.
Nd6 Kg8 37. Nxf7 axb4 38. Nd8 Re8 39. Nxc6 Rxa4 40. Nxb4 Rea8 41. Nc2 Ng4 42. Ne3 Nxe3 43. fxe3 Ra1 44. Rd7 Rxd1+ 45. Rxd1 Ra3 46. Kf2 Ra2+ 47. Kf1 Ra3 48. Ke2 Ra2+ 49. Rd2 Ra4 50. Rd4 Ra2+ 51.
Kf1 Ra1+ 52. Kf2 Ra2+ 53. Kg1 Kf7 54. Rxe4 Kf6 55. Rf4+ Ke5 56. Rf8 Re2 57. Re8+ Kf5 58. Kf1 Ra2 59. Kg1 g5 60. Rh8 Kg6 61. e4 Re2 62.
Re8 Kf7 63. Re5 Kf6 64. Rf5+ Kg6 65. Re5 Kf6 66. Re8 Kf7 67. Kf1 Re3 68. Kf2 Ra3 69.
Rh8 Kg7 70. Rb8 h5 71. Rd8 h4 72. gxh4 gxh4 73. Rd5 Kg6 74. Kg1 h3 75. gxh3 Rxh3 76. Kf2 Kf6 77. Ra5 Ke6 78. Ke2 Rb3 79. Kd2 Rh3 80. Rg5 Rf3 81. Ke2 Ra3 82. Rg8 Rb3 83. Re8+ Kf7 84. Re5 Kf6 85. Rd5 Ke6 86. Kd2 Rh3 87. Ra5 Rg3 88. Ke2 Rh3 89. Kf2 Rb3 90. Rd5 Ra3 91. Ke2 Rb3 92. Rd3 Rxd3 93. Kxd3 Ke5 94.
Ke3 Ke6 95. Kd4 Kd6 96. e5+ Ke6 97. Ke4 Ke7 98. Kd5 Kd7 99. e6+ Ke7 100. Ke5 Ke8 101. Kd5 Ke7 102. Ke5 Ke8 103. Kf6 Kf8 104. Kg6 Ke7 105. Kf5 Ke8 106. Kf6 Kf8 107. e7+ Ke8 108. Ke6 1/2-1/2

[Event "*** Titled Tuesday Blitz"]
[Site "Chess.com"]
[Date "2020.02.04"]
[Round "5"]
[White "platy3"]
[Black "lilleper1"]
[Result "1-0"]
[WhiteElo "2883"]
[BlackElo "2684"]
[TimeControl "180+2"]
[EndTime "14:10:24 PST"]
[Termination "platy3 won on time"]

1. Nf3 c5 2. e4 d6 3. d4 cxd4 4. Nxd4 Nf6 5. Nc3 a6 6. a4 e5 7. Nf3 Qc7 8. Bg5 Nbd7 9. Nd2 h6 10. Be3 b6 11. Nd5 Nxd5 12. exd5 Be7 13. g3 O-O 14. Bg2 f5 15. O-O a5 16. f4 Bf6 17. c3 Ba6 18.
Rf2 Nc5 19. Bf1 Bb7 20. Nc4 Rae8 21. fxe5 Bxe5 22. Nxe5 Rxe5 23. Bd4 Ree8 24. c4 Ne4 25. Rf3 Bc8 26. b3 f4 27. Rxf4 Rxf4 28. gxf4 Qf7 29.
Qf3 Nd2 30. Qg3 Ne4 31. Qg2 Bf5 32. Re1 g6 33. Bd3 Nc5 34. Rxe8+ Qxe8 35. Bf1 Qe1 36. Qf2 Qd1 37. Be3 Qxb3 38. Bd4 Qd1 39. Be3 Qxa4 40. Qh4 Qe8 41. Bd4 Nd7 42. Qxh6 Qf8 43. Qh8+ Kf7 44.
Qh7+ Ke8 45. h4 a4 46. Be2 a3 47. Bd1 Kd8 48. Ba4 a2 49. Bxd7 Bxd7 50. Bxb6+ Kc8 51. Bd4 Qxf4 52. Qh8+ Kc7 53. Ba1 Qc1+ 54. Kf2 Qxc4 55. Qd4 Qc2+ 56. Kg3 Bf5 57. Qa7+ Kd8 58.
Qb6+ Qc7 59. Qb5 Ke7 60. Qe2+ Kf7 61. Qb2 Qe7 62. Qg7+ Ke8 63. Qh8+ Kd7 64. Qc3 Qe4 65. Qg7+ Kc8 66. Qh8+ Kb7 67. Qb2+ Kc7 68. Qg7+ Kd8 69.
Qh8+ Kd7 70. Qg7+ Qe7 71. Qc3 Ke8 72. Qh8+ Qf8 73. Qb2 Qf7 74. Qb8+ Ke7 75. Qa7+ Bd7 76. Qxa2 Qf5 77. Qe2+ Kf7 78. Qg2 Qg4+ 79. Kf2 Qxh4+ 80.
Qg3 Qe4 81. Qxd6 Qf5+ 82. Ke3 Qh3+ 83. Kd4 Qg4+ 84. Kc5 Qg1+ 85. Bd4 Qc1+ 86. Kb6 Qb1+ 87. Kc7 Bf5 88. Kd8 Kg8 89. Qe5 1-0

[Event "*** Titled Tuesday Blitz"]
[Site "Chess.com"]
[Date "2020.02.04"]
[Round "5"]
[White "INLOVEWITHF"]
[Black "IMRosen"]
[Result "1-0"]
[WhiteElo "2353"]
[BlackElo "2534"]
[TimeControl "180+2"]
[EndTime "14:10:24 PST"]
[Termination "INLOVEWITHF won by resignation"]

1. d4 d5 2. c4 e6 3. Nf3 Nf6 4. g3 dxc4 5. Bg2 Bb4+ 6. Bd2 c5 7. O-O O-O 8. a3 Bxd2 9. Nbxd2 cxd4 10. Nxc4 Nc6 11. b4 a6 12. Qd2 Re8 13. Nfe5 Nxe5 14. Nxe5 Qd6 15. f4 Bd7 16. Rfd1 Ba4 17. Qxd4 Qe7 18.
Rdc1 Rad8 19. Qb6 Nd5 20. Qc5 Qxc5+ 21. Rxc5 b6 22. Rcc1 f6 23. Nc6 Rd6 24. Bxd5 exd5 25. Nd4 Re4 26. Rc8+ Kf7 27. Rc7+ Kf8 28. Rc8+ Kf7 29.
Rc7+ Kg6 30. Nf3 Rd7 31. Rxd7 Bxd7 32. Kf2 Bb5 33. e3 Bc4 34. Nd4 Re8 35. Rc1 Kf7 36.
h3 Ra8 37. Nf5 Rd8 38. Nd4 g6 39. g4 Rh8 40. Kg3 Ke7 41. Re1 Kd6 42. h4 Re8 43. g5 Rf8 44. Rc1 Ke7 45. e4 b5 46. gxf6+ Kxf6 47. e5+ Ke7 48. h5 Rg8 49. hxg6 hxg6 50. Rh1 Rg7 51. Rh8 Kd7 52. Ra8 Re7 53. Ra7+ Ke8 54. Rxa6 Kf7 55. Rf6+ Kg7 56. Ne6+ Kg8 57. Rxg6+ Kf7 58.
Rf6+ Ke8 59. Nd4 Rg7+ 60. Kf3 Rg1 61. e6 Bd3 62. Nc6 Be4+ 63. Ke3 Rc1 64. Nd4 Rc3+ 65. Kf2 Rxa3 66. Nxb5 Rf3+ 67. Ke2 Rb3 68. Nd6+ Ke7 69. Nxe4 dxe4 70. Rh6 Rxb4 71. Ke3 Kd6 72. f5 Ra4 73. Rh7 Rb4 74. Rd7+ Ke5 75. e7 Rb3+ 76. Ke2 Rb2+ 77.
Rd2 Rb8 78. Rd8 Rb2+ 79. Ke1 Kf4 80. e8=Q Ke3 81. Kf1 Kf3 82. Qh5+ Kf4 83. Qh6+ Kf3 84. Rd1 e3 85. Qh1+ Kg3 86. Qg1+ Kf3 87. Qh1+ Kg3 88. Re1 Rf2+ 89. Kg1 e2 90. Qe4 Rf3 91. Qxe2 Rf4 92. Qg2+ Kh4 93. Qh2+ Kg4 94. Qxf4+ Kh3 95.
Qg3+ Kxg3 96. f6 1-0

[Event "*** Titled Tuesday Blitz"]
[Site "Chess.com"]
[Date "2020.02.04"]
[Round "6"]
[White "Firouzja2003"]
[Black "VladimirBelous"]
[Result "1-0"]
[WhiteElo "3145"]
[BlackElo "2747"]
[TimeControl "180+2"]
[EndTime "14:12:52 PST"]
[Termination "Firouzja2003 won by resignation"]

1. e4 c5 2. Nc3 Nc6 3. Nge2 e6 4.
d4 cxd4 5. Nxd4 Qc7 6. Be3 Nf6 7.
Qf3 a6 8. O-O-O b5 9. Nxc6 Qxc6 10. e5 Qxf3 11. gxf3 b4 12. Na4 Nd5 13. Rxd5 exd5 14. Nb6 Rb8 15. Nxc8 Rxc8 16. Bxa6 Ra8 17. Bb7 Rxa2 18. Kb1 Ra5 19. Rd1 Bc5 20. Rxd5 Rb5 21. Rxc5 1-0

[Event "*** Titled Tuesday Blitz"]
[Site "Chess.com"]
[Date "2020.02.04"]
[Round "6"]
[White "Alexander_Moskalenko"]
[Black "MishkaFighter"]
[Result "1-0"]
[WhiteElo "2817"]
[BlackElo "2436"]
[TimeControl "180+2"]
[EndTime "14:13:57 PST"]
[Termination "Alexander_Moskalenko won by resignation"]

1. d4 d6 2. Bf4 h6 3. e4 g5 4.
Be3 Bg7 5. h4 g4 6. Nc3 Nc6 7.
Nge2 Nf6 8. Ng3 e5 9. d5 Nd4 10. Nb5 O-O 11. c3 Nxb5 12. Bxb5 a6 13. Be2 c6 14. dxc6 bxc6 15. Qd2 Rb8 16. Bxh6 Bxh6 17.
Qxh6 Rxb2 18. Rd1 Qe7 19. O-O Rxa2 20. Bc4 Rc2 21. Qg5+ Kh7 22. Nh5 1-0

[Event "*** Titled Tuesday Blitz"]
[Site "Chess.com"]
[Date "2020.02.04"]
[Round "6"]
[White "Fy_Rakotomaharo"]
[Black "icychess54"]
[Result "1-0"]
[WhiteElo "2562"]
[BlackElo "2402"]
[TimeControl "180+2"]
[EndTime "14:14:24 PST"]
[Termination "Fy_Rakotomaharo won by resignation"]

1. d4 d5 2. c4 c6 3. Nc3 Nf6 4. e3 e6 5. Nf3 Nbd7 6. Qc2 Be7 7. b3 O-O 8. Bd3 b6 9. O-O Bb7 10. Bb2 Rc8 11. Rad1 Qc7 12. Ne5 Nxe5 13. dxe5 dxc4 14. bxc4 Qxe5 15. Nd5 Qd6 16. Nxf6+ gxf6 17. Bxh7+ Kg7 18. Rxd6 Bxd6 19. Rd1 Rcd8 20. Rd4 1-0

[Event "*** Titled Tuesday Blitz"]
[Site "Chess.com"]
[Date "2020.02.04"]
[Round "6"]
[White "norwaytoadog"]
[Black "ZenBull"]
[Result "1-0"]
[WhiteElo "2294"]
[BlackElo "2113"]
[TimeControl "180+2"]
[EndTime "14:14:38 PST"]
[Termination "norwaytoadog won by resignation"]

1. e4 c5 2. Nf3 e6 3. d4 cxd4 4. Nxd4 Nc6 5. Nc3 Qc7 6. g3 a6 7. Bg2 h5 8. O-O h4 9. Re1 Nf6 10. Nd5 Qb8 11. Bf4 d6 12. Nb6 Ra7 13. Nxc6 bxc6 14.
Nxc8 Qxc8 15. Bxd6 Rd7 16. e5 hxg3 17. hxg3 Nd5 18. c4 Nc7 19. Bxc6 1-0

[Event "*** Titled Tuesday Blitz"]
[Site "Chess.com"]
[Date "2020.02.04"]
[Round "6"]
[White "TwentyHourADay"]
[Black "olksuna"]
[Result "0-1"]
[WhiteElo "2263"]
[BlackElo "2585"]
[TimeControl "180+2"]
[EndTime "14:14:46 PST"]
[Termination "olksuna won by resignation"]

1. Nf3 d5 2. g3 Nf6 3. Bg2 Bf5 4. c4 e6 5. d4 c6 6. Nc3 Nbd7 7. Nh4 Bg4 8. h3 Bh5 9. g4 Bg6 10. Nxg6 hxg6 11. cxd5 exd5 12. Bf4 Be7 13. O-O O-O 14. Qd3 Re8 15. Rfe1 Nf8 16. e4 dxe4 17. Nxe4 Ne6 18. Be5 Nd5 19. a3 Bf8 20. Qd2 g5 21. Nc3 Ndf4 22.
Re4 Nxg2 23. Kxg2 Nc5 24. Ree1 Nb3 25. Qc2 Nxa1 26. Rxa1 f6 0-1

[Event "*** Titled Tuesday Blitz"]
[Site "Chess.com"]
[Date "2020.02.04"]
[Round "6"]
[White "ilya261991"]
[Black "wolfje95"]
[Result "0-1"]
[WhiteElo "2520"]
[BlackElo "2388"]
[TimeControl "180+2"]
[EndTime "14:14:49 PST"]
[Termination "wolfje95 won by resignation"]

1. d4 d5 2. g3 c5 3. Bg2 cxd4 4. Nf3 Nc6 5. Nxd4 e5 6. Nxc6 bxc6 7. O-O Nf6 8. c4 Be6 9. Nc3 Be7 10. Qa4 O-O 11.
Qxc6 Rc8 12. Qa6 d4 13. Nd5 Nxd5 14. cxd5 Bxd5 15. Qxa7 Bxg2 16. Kxg2 Rc2 17. Qa6 Qd5+ 18. Kg1 Ra8 19. Qd3 Rac8 20. f3 Qc4 21. Qxc4 R8xc4 22. Re1 Bb4 23. b3 Rc6 24. Rd1 Rxe2 25. a3 Ba5 26.
b4 Bb6 27. Rd2 Re1+ 0-1

[Event "*** Titled Tuesday Blitz"]
[Site "Chess.com"]
[Date "2020.02.04"]
[Round "6"]
[White "Lagmantr"]
[Black "LogoCzar"]
[Result "1-0"]
[WhiteElo "2739"]
[BlackElo "2514"]
[TimeControl "180+2"]
[EndTime "14:15:01 PST"]
[Termination "Lagmantr won by checkmate"]

1. e4 e5 2. Nf3 Nc6 3. Nc3 Nf6 4. Be2 Bc5 5. Nxe5 Nxe5 6. d4 Bd6 7. dxe5 Bxe5 8. Nb5 c6 9. f4 Bb8 10. Nd6+ Bxd6 11. Qxd6 Nxe4 12. Qe5+ Qe7 13. Qxg7 Qf6 14. Qxf6 Nxf6 15. Be3 d5 16. Bd4 Ke7 17. O-O-O Re8 18. Rhe1 Ne4 19. Bd3 f5 20. g4 Kf7 21. g5 Bd7 22. h4 Kg6 23. h5+ Kxh5 24. Rh1+ Kg4 25.
Rxh7 Be6 26. Be5 Nf2 27. Be2+ Kg3 28. Rg1# 1-0